Map: Eastwatch LE

Players

Nerchio

  • Race: Zerg Zerg
  • Spawn Location: 1:00

Maru - Winner!

  • Race: Terran Terran
  • Spawn Location: 7:00

Event: WESG 2017 Haikou

VOD

Have the link to the VOD?

Description

Time

  • Played on: March 16, 2018, 2:24 a.m.
  • Length: 11:03

All games in this series

Show
View Real Time Build Order
Export as new Build Order

Nerchio Zerg 

Build Orders: Hatch First 

Get SALT Encoding   

  12  0:00  Drone  
  13  0:12  Overlord  
  13  0:16  Drone  
  14  0:30  Drone x2  
  14  0:34  Drone  
  17  0:51  Hatchery  
  17  0:54  Drone  
  17  0:57  Drone  
  18  1:08  Extractor  
  17  1:12  Spawning Pool  
  17  1:16  Drone  
  17  1:19  Drone  
  18  1:27  Drone  
  19  1:38  Overlord  
  19  1:49  Drone  
  20  1:59  Queen  
  20  2:00  Zergling x2  
  23  2:02  Queen  
  23  2:03  Zergling x2  
  26  2:09  Metabolic Boost  
  26  2:11  Zergling x2  
  26  2:15  Drone  
  28  2:21  Drone  
  29  2:28  Drone  
  30  2:37  Spore Crawler  
  30  2:39  Spore Crawler  
  28  2:49  Hatchery  
  29  2:51  Drone x2  
  29  2:52  Drone x2  
  29  2:56  Overlord  
  33  3:02  Spore Crawler  
  32  3:06  Drone  
  32  3:07  Drone  
  32  3:11  Drone  
  32  3:12  Drone  
  37  3:14  Overlord  
  37  3:16  Drone  
  37  3:18  Drone  
  39  3:24  Queen  
  41  3:28  Drone  
  41  3:32  Baneling Nest  
  41  3:33  Drone  
  42  3:35  Drone  
  42  3:39  Drone x2  
  45  3:41  Drone  
  45  3:47  Queen  
  48  3:51  Drone x2  
  48  3:54  Overlord  
  50  3:58  Zergling x4  
  50  4:02  Overlord  
  52  4:03  Zergling x2  
  53  4:12  Queen  
  53  4:15  Drone x4  
  59  4:18  Baneling  
  59  4:19  Baneling x3  
  59  4:20  Baneling x2  
  59  4:22  Drone  
  61  4:24  Drone  
  61  4:25  Drone  
  61  4:27  Drone  
  61  4:28  Drone  
  61  4:31  Overlord  
  64  4:33  Drone  
  64  4:34  Drone  
  66  4:42  Drone  
  66  4:43  Overlord  
  66  4:50  Drone  
  66  4:51  Drone x4  
  66  4:52  Drone  
  72  4:53  Evolution Chamber x2  
  72  4:55  Drone x3  
  72  4:59  Spore Crawler  
  72  5:00  Spore Crawler  
  72  5:02  Spore Crawler  
  72  5:03  Drone  
  72  5:05  Drone  
  72  5:06  Drone  
  73  5:07  Drone  
  73  5:09  Drone  
  73  5:12  Lair  
  75  5:14  Drone  
  75  5:16  Extractor  
  75  5:22  Drone x4  
  75  5:24  Extractor  
  75  5:26  Drone x3  
  75  5:27  Drone  
  82  5:29  Extractor  
  82  5:32  Extractor  
  80  5:35  Overlord  
  80  5:38  Overlord x4  
  80  5:42  Extractor  
  79  5:43  Drone  
  79  5:48  Zerg Ground Armor Level 1  
  79  5:59  Drone x3  
  79  6:00  Drone x2  
  79  6:01  Drone x4  
  79  6:02  Drone  
  79  6:03  Drone, Hatchery  
  89  6:08  Drone x4  
  92  6:11  Centrifical Hooks  
  92  6:23  Zerg Melee Weapons Level 1  
  92  6:24  Zergling x4  
  94  6:26  Zergling x4  
  94  6:28  Hatchery, Zergling x2  
  94  6:29  Zergling x2  
  97  6:33  Zergling x8  
  97  6:34  Zergling x4  
  97  6:35  Zergling x2  
  97  6:36  Zergling x2  
  97  6:38  Zergling x2  
  97  6:39  Zergling x4  
  108  6:43  Overlord  
  108  6:45  Zergling x2  
  109  6:47  Baneling  
  109  6:48  Baneling x9  
  109  6:49  Zergling x4  
  111  6:55  Overlord  
  111  6:58  Overlord  
  111  7:00  Overlord  
  111  7:01  Overlord  
  111  7:02  Zergling x2  
  111  7:08  Zergling x2  
  113  7:12  Queen x2  
  113  7:13  Zergling x2  
  113  7:14  Zergling x8  
  122  7:15  Zergling x2  
  122  7:16  Zergling x2  
  124  7:28  Zergling x12  
  125  7:36  Hydralisk Den  
  94  7:51  Zergling x2  
  94  7:52  Zergling x20  
  94  7:55  Zergling x2  
  94  7:56  Queen x2  
  103  8:02  Zergling x4  
  103  8:03  Zergling x2  
  103  8:05  Baneling x9, Queen  
  100  8:07  Hydralisk x2, Grooved Spines  
  106  8:13  Hydralisk x2  
  106  8:16  Hydralisk  
  106  8:17  Hydralisk  
  106  8:21  Zerg Ground Armor Level 2, Zerg Melee Weapons Level 2  
  106  8:23  Hydralisk  
  106  8:24  Hydralisk  
  109  8:28  Hydralisk x2  
  109  8:34  Zergling x2  
  114  8:35  Zergling x2  
  114  8:37  Zergling x4  
  114  8:38  Zergling x2  
  114  8:39  Zergling x4  
  118  8:43  Baneling x7  
  118  8:46  Zergling x4  
  118  8:48  Hatchery  
  118  8:51  Zergling x2  
  118  8:52  Zergling x4  
  118  8:53  Baneling x7  
  118  8:54  Baneling  
  117  8:56  Zergling x2  
  117  8:57  Zergling x2  
  119  9:08  Zergling x6  
  111  9:11  Zergling x2  
  111  9:12  Baneling x14, Zergling x2  
  111  9:13  Zergling x2  
  111  9:15  Zergling x4  
  111  9:16  Zergling x2  
  117  9:19  Zergling x4  
  117  9:21  Zergling x2  
  117  9:23  Queen  
  119  9:33  Drone  
  119  9:34  Drone  
  119  9:36  Drone  
  119  9:37  Drone  
  123  9:39  Drone  
  123  9:40  Hatchery, Drone  
  123  9:41  Drone  
  123  9:42  Drone  
  123  9:43  Drone  
  123  9:45  Drone  
  119  9:47  Drone  
  119  9:48  Drone  
  119  9:52  Queen  
  119  9:55  Hydralisk  
  119  9:57  Hydralisk  
  123  10:02  Hydralisk  
  123  10:06  Hydralisk  
  125  10:11  Hydralisk x2  
  125  10:13  Hydralisk  
  131  10:16  Hydralisk  
  129  10:21  Zergling x2  
  129  10:22  Zergling x8  
  129  10:23  Baneling x4  
  129  10:28  Zergling x8  
  137  10:32  Zergling x2  
  137  10:33  Baneling  
  137  10:34  Baneling x8  
  137  10:35  Zergling x2  
Show
View Real Time Build Order
Export as new Build Order

Maru Terran - Winner!

Build Orders: Reaper Expand, Bio Tank 

Get SALT Encoding   

  12  0:00  SCV  
  13  0:12  SCV  
  14  0:17  Supply Depot  
  14  0:24  SCV  
  15  0:38  SCV  
  15  0:39  Barracks  
  16  0:45  Refinery  
  16  0:50  SCV  
  17  1:02  SCV  
  18  1:14  SCV  
  19  1:27  Orbital Command, Reaper  
  20  1:39  Command Center  
  20  1:51  Supply Depot  
  20  1:53  SCV  
  21  1:59  Marine  
  22  2:04  Factory  
  22  2:07  SCV  
  23  2:14  Refinery  
  23  2:20  SCV  
  23  2:21  Barracks Reactor  
  24  2:32  SCV  
  25  2:44  SCV  
  25  2:49  Starport  
  26  2:51  Orbital Command  
  26  2:56  SCV  
  27  3:05  Hellion x2  
  31  3:06  Barracks Tech Lab  
  31  3:09  SCV  
  31  3:17  SCV  
  32  3:21  SCV  
  32  3:26  Hellion x2, Supply Depot  
  37  3:31  Viking  
  37  3:33  SCV  
  37  3:34  SCV  
  41  3:36  Barracks Tech Lab  
  41  3:45  SCV  
  41  3:46  SCV  
  43  3:49  Supply Depot  
  43  3:54  Marine  
  43  3:55  Stimpack  
  48  3:57  SCV  
  48  4:00  SCV  
  50  4:08  Liberator  
  50  4:09  SCV  
  47  4:11  Command Center  
  47  4:12  SCV  
  48  4:21  SCV, Factory Reactor, Barracks x2  
  49  4:27  SCV  
  53  4:35  SCV  
  53  4:37  Marine, Supply Depot  
  55  4:39  SCV  
  56  4:47  SCV  
  56  4:52  SCV, Engineering Bay  
  58  4:54  Marine  
  58  4:55  Engineering Bay  
  59  5:00  SCV  
  59  5:03  Refinery  
  59  5:04  SCV  
  59  5:05  Siege Tank  
  64  5:10  Marine x2  
  64  5:12  SCV, Marine  
  68  5:14  Starport Reactor  
  68  5:19  Marine x2  
  70  5:22  Terran Infantry Weapons Level 1, Terran Infantry Armor Level 1  
  70  5:24  Supply Depot  
  70  5:28  Orbital Command, Marine x2  
  70  5:29  SCV x2  
  70  5:31  Marine  
  70  5:32  Refinery  
  75  5:40  Siege Tank, Marine x2  
  80  5:46  Marine x2  
  82  5:50  Marine  
  82  5:51  Orbital Command  
  83  5:58  Marine x2  
  83  5:59  Medivac  
  83  6:00  Medivac  
  83  6:02  SCV  
  83  6:04  Marine x2  
  90  6:05  Supply Depot  
  90  6:07  Marine, Supply Depot  
  93  6:18  Combat Shields  
  93  6:20  Barracks  
  93  6:22  Barracks  
  93  6:27  SCV x3, Marine x4  
  93  6:32  Medivac x2  
  104  6:37  Armory  
  104  6:38  Marine  
  104  6:39  SCV x3  
  108  6:41  Supply Depot  
  108  6:45  Marine  
  109  6:53  Marine x2  
  109  6:54  SCV x3, Marine  
  114  6:55  Supply Depot  
  114  6:56  Marine  
  116  7:04  Marine  
  116  7:06  SCV, Siege Tank  
  116  7:07  SCV  
  122  7:11  Marine x2  
  122  7:12  SCV  
  122  7:14  Supply Depot  
  125  7:16  Marine  
  125  7:18  SCV  
  125  7:19  SCV  
  130  7:24  SCV, Barracks Reactor x2  
  130  7:28  Supply Depot  
  130  7:29  Terran Infantry Weapons Level 2  
  129  7:30  Refinery x2, Terran Infantry Armor Level 2, SCV, Supply Depot  
  129  7:31  SCV, Marine  
  129  7:36  SCV  
  130  7:42  Marine  
  131  7:46  Marine  
  131  7:47  Marine x2  
  131  7:48  SCV x2, Siege Tank  
  131  7:49  Marine  
  131  7:50  SCV  
  133  8:00  SCV x2, Marine  
  133  8:02  Medivac  
  133  8:04  Marine  
  133  8:05  Marine x2  
  138  8:07  Marine x4  
  138  8:08  Marine  
  143  8:17  Marine  
  140  8:20  Siege Tank  
  140  8:22  Marine x3  
  140  8:24  Marine x2, Terran Vehicle Weapons Level 1  
  140  8:25  Marine  
  148  8:30  Marine  
  148  8:31  Marine  
  148  8:33  Factory  
  150  8:35  Marine, Supply Depot  
  150  8:40  Marine  
  152  8:41  Marine x2  
  152  8:42  Marine, Medivac  
  157  8:56  Supply Depot  
  157  8:57  Siege Tank, Marine x3, Supply Depot  
  157  8:58  Supply Depot  
  163  9:04  Command Center  
  163  9:07  Marine x2  
  147  9:14  Marine x4  
  147  9:15  Medivac x2  
  155  9:21  Supply Depot, Factory Tech Lab  
  155  9:29  Siege Tank  
  148  9:33  Marine  
  148  9:34  Marine x4  
  148  9:42  Siege Tank  
  148  9:43  Marine x4  
  148  9:45  Medivac x2  
  146  9:51  Marine x2  
  148  9:54  SCV  
  149  10:01  Siege Tank  
  149  10:03  Marine x7  
  159  10:09  Marine  
  159  10:10  Marine  
  160  10:15  Medivac x2  
  160  10:21  Marine x2  
  161  10:28  Marine  
  163  10:35  Sensor Tower  
  163  10:36  Marine  
  163  10:38  Barracks x2  
  163  10:40  Barracks  
  154  10:45  Marine  
Tags
 
Add a new tag
Caveats
  • Supply blocks, unpowered buildings, or Contaminate may cause inaccurate times.
  • Supply counts are checked every 10 seconds.